 Dungeon Crawl Stone Soup version 0.26-a0-1181-gd376ed14c5 (webtiles) character file.

Game seed: 5688361797564598684

20 sokol815 the Magician (level 2, -2/17 HPs)
             Began as an Octopode Hedge Wizard on Dec 25, 2020.
             Slain by a bullfrog skeleton (6 damage)
             ... on level 2 of the Dungeon.
             The game lasted 00:03:07 (1169 turns).

sokol815 the Magician (Octopode Hedge Wizard)       Turns: 1169, Time: 00:03:08

Health: -2/17      AC:  1    Str:  9    XL:     2   Next: 79%
Magic:  5/6        EV: 13    Int: 12    God:
Gold:   134        SH:  0    Dex: 11    Spells: 6/7 levels left

rFire    . . .     SeeInvis .   a - +0 dagger
rCold    . . .     Faith    .   (no shield)
rNeg     . . .     Spirit   .   b - +0 hat
rPois    .         Reflect  .   (no amulet)
rElec    .         Harm     .   f - -4 ring of intelligence (curse)
rCorr    .         Rampage  .   (no ring)
Will     .....                  (no ring)
Stlth    +++.......             (no ring)
HPRegen  0.05/turn              (no ring)
MPRegen  0.10/turn              (no ring)
                                (no ring)
                                (no ring)

@: no status effects
A: almost no armour, stealthy swim, amphibious, 8 rings, constrict 8, camouflage
1, gelatinous body 1
a: no special abilities


You were on level 2 of the Dungeon.
You visited 1 branch of the dungeon, and saw 2 of its levels.

You collected 134 gold pieces.

Inventory:

Hand Weapons
 a - a +0 dagger (weapon)
Missiles
 d - 37 stones
 g - 21 bolts
Armour
 b - a +0 hat (worn)
Jewellery
 f - a cursed -4 ring of intelligence (left tentacle)
   (You found it on level 1 of the Dungeon)
Scrolls
 e - a scroll of identify
Potions
 c - a potion of curing
 h - a potion of heal wounds {unknown}
 i - a potion of experience {unknown}
 j - a potion of attraction {unknown}


   Skills:
 - Level 2.0 Dodging
 - Level 2.6 Stealth
 - Level 3.0 Spellcasting
 + Level 2.6 Conjurations
 - Level 1.0 Summonings
 - Level 1.0 Translocations


You had 6 spell levels left.
You knew the following spells:

 Your Spells              Type           Power        Failure   Level
a - Magic Dart            Conj           32%          9%          1

Your spell library contained the following spells:

 Spells                   Type           Power        Failure   Level
 Blink                    Tloc           N/A          24%         2
 Call Imp                 Summ           4%           24%         2
 Slow                     Hex            1%           36%         2
 Conjure Flame            Conj/Fire      5%           38%         3
 Mephitic Cloud           Conj/Pois/Air  3%           45%         3


Dungeon Overview and Level Annotations

Branches:
Dungeon (2/15)

Altars:


Innate Abilities, Weirdness & Mutations

You cannot wear most types of armour.
You are very stealthy in the water. (Stealth+)
You are amphibious.
You can wear up to eight rings at the same time.
You can use your tentacles to constrict eight enemies at once.
Your skin changes colour to match your surroundings (Stealth+).
Your rubbery body absorbs attacks. (AC +1, EV +1)


Message History

No target in view!
e - 2 scrolls of identify (gained 1)
You now have 52 gold pieces (gained 11).
You now have 67 gold pieces (gained 15).
There is a stone staircase leading down here.
c - a white potion MP restored: 6
d - 37 stones (gained 24)
You see here 21 bolts.
g - 21 bolts
As you read the scroll of identify, it crumbles to dust.
c - a potion of curing You now have 83 gold pieces (gained 16).
h - an inky potion You see here a robe.
You see here a dagger.
i - a viscous green potion You now have 91 gold pieces (gained 8).
Found an escape hatch in the floor.
There is an escape hatch in the floor here.
There is a stone staircase leading down here.
Done exploring.
Done exploring.
(D) Dungeon
Where to? (? - help)
You see here a +0 club.
You see here a dagger.
There is a stone staircase leading down here.
You climb downwards.
There is a stone staircase leading up here.
j - a blue potion You now have 98 gold pieces (gained 7).
You now have 112 gold pieces (gained 14).
You now have 122 gold pieces (gained 10).
You see here a helmet.
You now have 134 gold pieces (gained 12).
Found a stone staircase leading up.
A hobgoblin comes into view. It is wielding a +0 club.
The magic dart hits the hobgoblin.
A bat comes into view.
The bat moves out of view.
You now have 5/6 mp.
The magic dart hits the hobgoblin.
You now have 4/6 mp.
You hit the hobgoblin but do no damage. You grab the hobgoblin.
You squeeze the hobgoblin, but do no damage.
You constrict the hobgoblin. The hobgoblin hits you with a +0 club!
You take 7 damage, and have 10/17 hp.
MASSIVE DAMAGE!!
You hit the hobgoblin. You constrict the hobgoblin.
You kill the hobgoblin!
You are too injured to fight recklessly!
There is a stone staircase leading up here.
You climb upwards.
There is a stone staircase leading down here.
You start resting.
Health restored: 17; MP restored: 6 You climb downwards.
There is a stone staircase leading up here.
Things that are here:
a +0 club; a hobgoblin corpse A bullfrog skeleton comes into view.
You see here 12 gold pieces.
The magic dart hits the bullfrog skeleton.
You now have 5/6 mp.
The magic dart hits the bullfrog skeleton.
The bat barely misses you.
You now have 4/6 mp.
You barely miss the bat. You grab the bat. You constrict the bat.
The bat barely misses you.
The bat struggles to escape constriction.
The bat escapes!
The magic dart hits the bullfrog skeleton.
The bat hits you but does no damage. The bat closely misses you.
You now have 3/6 mp.
The bat closely misses you. x2
Things that are here:
a +0 club; a hobgoblin corpse The bullfrog skeleton hits you.
You take 3 damage, and have 14/17 hp.
The bullfrog skeleton barely misses you.
The bullfrog skeleton completely misses you.
There is a stone staircase leading up here.
You hit the bullfrog skeleton. You grab the bullfrog skeleton.
You squeeze the bullfrog skeleton.
You constrict the bullfrog skeleton, but do no damage.
The bullfrog skeleton hits you.
You take 4 damage, and have 10/17 hp.
MASSIVE DAMAGE!!
You hit the bullfrog skeleton. You squeeze the bullfrog skeleton.
You constrict the bullfrog skeleton.
The bullfrog skeleton closely misses you.
You hit the bullfrog skeleton. You constrict the bullfrog skeleton.
The bullfrog skeleton misses you. The bullfrog skeleton hits you.
* * * LOW HITPOINT WARNING * * *
You take 6 damage, and have 4/17 hp.
MASSIVE DAMAGE!!
You hit the bullfrog skeleton. You constrict the bullfrog skeleton.
The bullfrog skeleton hits you.
You die...

#<#.......#
#.#.#####.###
#......[....#
#........##.#
#........##.#
#........##.#
#.#.#.....#.#
#.#.#.###.#.#
#.#.#.#@#.#.#
#.#.#.#Z#.#.#
#.#.#.#...#.#
#.#.#)#####.#
#.#.#.$.....#
..#
###.......
### ....(..
.......
.......


You could see a bullfrog skeleton.

Vanquished Creatures
  An ooze (D:1)
  2 bats (D:1)
  A giant cockroach (D:1)
  A goblin (D:1)
  2 hobgoblins
  2 jackals (D:1)
  3 kobolds (D:1)
  A rat (D:1)
13 creatures vanquished.

Notes
Turn   | Place    | Note
-------+----------+-------------------------------------------
     0 | D:1      | sokol815 the Octopode Hedge Wizard began the quest for the
                  | Orb.
     0 | D:1      | Reached XP level 1. HP: 11/11 MP: 4/4
   307 | D:1      | Reached skill level 2 in Conjurations
   307 | D:1      | Reached XP level 2. HP: 15/17 MP: 3/6
  1168 | D:2      | HP: 4/17 [bullfrog skeleton (6)]
  1169 | D:2      | Slain by a bullfrog skeleton

Illustrated notes

Levels and vault maps discovered:
D:1:      tarquinn_simple_flora_water_f, layout_loops_ring
D:2:      minmay_inner_zag, layout_basic

Skill      XL: |  1 |
---------------+----+-----
Conjurations   | 2 |  2.6
Dodging        | |  2.0
Stealth        | |  2.6
Spellcasting   | |  3.0
Summonings     | |  1.0
Translocations | |  1.0

Action                   || total
-------------------------++-------
Melee: Dagger            ||    27
       Constrict         ||     7
       Tentacles         ||     5
 Cast: Magic Dart        ||    28
  Use: Scroll            ||     2
Armor: Skin              ||     6
Dodge: Dodged            ||    25

Table legend: (Time is in decaauts)
 A = Elapsed time spent in this place.
 B = Non-inter-level travel time spent in this place.
 C = Inter-level travel time spent in this place.
 D = Time resting spent in this place.
 E = Time spent auto-exploring this place.
 F = Levels seen in this place.
 G = Mean time per level.
                   A        B        C        D        E       F      G
               +--------+--------+--------+--------+--------+-----+--------+
         Total |   1169 |   1139 |     30 |    215 |    782 |   2 |  584.5 |
       Dungeon |   1169 |   1139 |     30 |    215 |    782 |   2 |  584.5 |
               +--------+--------+--------+--------+--------+-----+--------+

Top non-repeatable levels by time:
     D:1: 1061 daAuts
     D:2: 108 daAuts

Table legend:
 A = Kills in this place as a percentage of kills in entire the game.
 B = Kills by you in this place as a percentage of kills by you in the entire game.
 C = Kills by friends in this place as a percentage of kills by friends in the entire game.
 D = Other kills in this place as a percentage of other kills in the entire game.
 E = Experience gained in this place as a percentage of experience gained in the entire game.
 F = Experience gained in this place divided by the number of levels of this place that you have seen.
                   A       B       C       D       E      F
               +-------+-------+-------+-------+-------+----------------------
         Total | 100.0 | 100.0 |   N/A |   N/A | 100.0 |  14.5
       Dungeon | 100.0 | 100.0 |   N/A |   N/A | 100.0 |  14.5
               +-------+-------+-------+-------+-------+----------------------
